 Dungeon Crawl Stone Soup version 0.29.1-2-gbd0b4ee654 (webtiles) character file.

Game seed: 10615790752259714280

32 mortz the Digger (level 3, -9/19 HPs)
             Began as a Kobold Earth Elementalist on Nov 12, 2022.
             Splashed by a jelly's acid (12 damage)
             ... on level 2 of the Dungeon.
             The game lasted 00:06:06 (1925 turns).

mortz the Digger (Kobold Earth Elementalist)        Turns: 1925, Time: 00:06:07

Health: -9/19      AC: -5    Str:  5    XL:     3   Next: 45%
Magic:  6/6        EV: 15    Int: 18    God:
Gold:   108        SH:  0    Dex: 15    Spells: 1/7 levels left

rFire   . . .      SeeInvis .   d - +0 dagger
rCold   . . .      Faith    .   (no shield)
rNeg    . . .      Spirit   .   a - +0 robe
rPois   .          Reflect  .   e - +0 helmet
rElec   .          Harm     .   (no cloak)
rCorr   .          Rampage  .   (no gloves)
Will    .....                   (no boots)
Stlth   +++.......              (no amulet)
HPRegen 0.06/turn               c - ring of flight
MPRegen 0.10/turn               (no ring)

@: corroded, flying
A: small, no large weapons, nightstalker 3
a: no special abilities


You were on level 2 of the Dungeon.
You visited 1 branch of the dungeon, and saw 2 of its levels.

You collected 108 gold pieces.

Inventory:

Hand Weapons
 d - a +0 dagger (weapon)
 k - a +0 spear
Armour
 a - a +0 robe (worn)
 e - a +0 helmet (worn)
 o - a +0 leather armour
Jewellery
 c - a ring of flight (left hand)
 h - an amulet of guardian spirit
 p - an amulet of faith
Scrolls
 g - a scroll of fear {unknown}
 i - 2 scrolls of identify {unknown}
 j - a scroll of vulnerability {unknown}
 l - 2 scrolls of teleportation {unknown}
 m - a scroll of blinking {unknown}
Potions
 b - 2 potions of magic
 f - a potion of cancellation {unknown}
 n - a potion of ambrosia {unknown}
 q - a potion of curing {unknown}


   Skills:
 + Level 2.6 Dodging
 + Level 3.4 Stealth
 + Level 2.6 Spellcasting
 * Level 1.2 Transmutations
 + Level 3.4 Earth Magic


You had one spell level left.
You knew the following spells:

 Your Spells              Type           Power      Damage    Failure   Level
a - Sandblast             Erth           28%        2d8       4%          1
p - Passwall              Tmut/Erth      8%         N/A       10%         2
s - Stone Arrow           Conj/Erth      16%        3d8       26%         3

Your spell library contained the following spells:

 Spells                   Type           Power      Damage    Failure   Level
 Blink                    Tloc           4%         N/A       26%         2
 Petrify                  Tmut/Erth      10%        N/A       54%         4
 Manifold Assault         Tloc           2%         N/A       99%         5
 Storm Form               Tmut/Air       2%         N/A       100%        7


Dungeon Overview and Level Annotations

Branches:
Dungeon (2/15) Zot: 10062

Altars:

Annotations:
D:1 2 runed translucent doors


Innate Abilities, Weirdness & Mutations

You are small and have problems with some larger weapons.
You are completely attuned to the shadows.


Message History

You see here a book of Geomancy.
You see here a +0 scale mail.
p - an amulet of faith A bat comes into view.
The bat completely misses you. The bat closely misses you.
The blast of sand hits the bat!
You kill the bat!
You see here a bat corpse.
q - a fuming emerald potion This spell is astonishingly dangerous to cast!
Memorise Stone Arrow, consuming 3 spell levels and leaving 1?
You start memorising the spell.
You continue memorising. x3
You finish memorising.
Spell assigned to 'b'.
Adjust (i)tems, (s)pells, or (a)bilities?
Adjust which spell? b - Stone Arrow Adjust to which letter? s - Stone Arrow Unknown command.
You see here a +0 scale mail.
You reach down and open the door.
There is an open door here.
A rat comes into view.
A jelly comes into view.
Found a flail.
The helpless rat fails to defend itself.
You puncture the rat!
You kill the rat!
The helpless jelly fails to defend itself.
You puncture the jelly!
Your hands burn!
The jelly is severely wounded.
The jelly hits you. The acid corrodes you!
You are splashed with acid!
* * * LOW HITPOINT WARNING * * *
You are too injured to fight recklessly!
Unknown command.
The jelly attacks as you move away! The jelly hits you.
* * * LOW HITPOINT WARNING * * *
The acid corrodes you!
You are splashed with acid!
Ouch! That really hurt!
You die...

.......
.##########.#.......#
..####+
....................#
..#
..##.######.........#
..#
####'#######........#
..#
≈≈≈≈.≈≈≈≈≈≈#........#
..#
≈≈.....≈≈≈≈#........#
..#
≈.......≈≈≈#........#
..#
....♣....≈≈###...####
..# ..##@##...≈#
#...#### ..#
#†.J#...≈# #.......
### ♣..♣).♣..≈
#....... # ..#. .#..
#....... # ..## ##..
#....... ###
###....... ..#
#........: ..#
###..[.... ..#
###.....


You could see a jelly.

Vanquished Creatures
  A dart slug (D:2)
  A ball python (D:1)
  A bat (D:2)
  4 endoplasms
  A goblin (D:1)
  4 hobgoblins
  4 kobolds
  3 quokkas (D:1)
  7 rats
26 creatures vanquished.

Notes
Turn   | Place    | Note
-------+----------+-------------------------------------------
     0 | D:1      | mortz the Kobold Earth Elementalist began the quest for the
                  | Orb.
     0 | D:1      | Reached XP level 1. HP: 10/10 MP: 3/3
   105 | D:1      | Found a large runed translucent door.
   105 | D:1      | Found a large runed translucent door.
   106 | D:1      | Noticed an orc wizard
   107 | D:1      | Noticed an orc wizard
   110 | D:1      | Noticed an orc priest
   110 | D:1      | Noticed an orc warrior
   301 | D:1      | Reached XP level 2. HP: 15/15 MP: 3/5
   325 | D:1      | Learned a level 2 spell: Passwall
   730 | D:1      | Reached XP level 3. HP: 18/19 MP: 2/6
  1855 | D:2      | Learned a level 3 spell: Stone Arrow
  1925 | D:2      | Splashed by a jelly's acid

Illustrated notes

Levels and vault maps discovered:
D:1:      erik_arrival_cave_to_civilisation [erik_arrival_cave_to_temple],
          layout_loops_ring
D:2:      layout_basic, kennysheep_generic_room_2

Skill      XL: |  1  2 |
---------------+-------+-----
Stealth        | 3 |  3.4
Dodging        | |  2.6
Spellcasting   | |  2.6
Transmutations | |  1.2
Earth Magic    | |  3.4

Action                   || total
-------------------------++-------
Melee: Unarmed           ||    10
       Dagger            ||     9
 Cast: Sandblast         ||    27
 Stab: Sleeping          ||     9
Armor: Robe              ||     6
Dodge: Dodged            ||    23
